 Dungeon Crawl Stone Soup version 0.20.1-1-g8b1a95d (webtiles) character file.

5315 Lanoc the Thaumaturge (level 10, 0/53 HPs)
             Began as a Deep Elf Conjurer on Nov 26, 2017.
             Was an Initiate of Vehumet.
             Slain by an orc warrior
             ... wielding a +0 mace
              (29 damage)
             ... on level 8 of the Dungeon.
             The game lasted 01:04:54 (8465 turns).

Lanoc the Thaumaturge (Deep Elf Conjurer)           Turns: 8465, Time: 01:04:54

Health: 0/53       AC:  3    Str:  5    XL:     10   Next: 37%
Magic:  31/38      EV: 14    Int: 24    God:    Vehumet [......]
Gold:   333        SH:  0    Dex: 15    Spells: 11/35 levels left

rFire    . . .     SeeInvis .   y - +1 mace (protect)
rCold    . . .     Gourm    .   (no shield)
rNeg     . . .     Faith    .   a - +0 robe
rPois    +         Spirit   .   r - +1 hat
rElec    .         Reflect  .   (no cloak)
rCorr    .         Harm     .   (no gloves)
MR       +....                  (no boots)
Stlth    +++.......             A - amulet of regeneration
Regen    0.6/turn               h - ring of poison resistance
MPRegen  0.3/turn               p - ring of magical power

@: no status effects
A: no striking features
a: Renounce Religion


You were on level 8 of the Dungeon.
You worshipped Vehumet.
Vehumet was noncommittal.
You were not hungry.

You visited 2 branches of the dungeon, and saw 9 of its levels.
You also visited: Sewer.

You collected 372 gold pieces.
You spent 39 gold pieces at shops.

Inventory:

Hand Weapons
 e - a +1 vampiric trident
 f - a +1 falchion of holy wrath
 y - a +1 mace of protection (weapon)
 D - a +0 dagger of draining
 M - a +0 quarterstaff
Missiles
 J - 2 javelins of returning (quivered)
 K - a throwing net
Armour
 a - a +0 robe (worn)
 r - a +1 hat (worn)
Jewellery
 h - a ring of poison resistance (left hand)
 i - an uncursed amulet of guardian spirit
 p - a ring of magical power (right hand)
 A - an amulet of regeneration (around neck)
Wands
 g - a wand of iceblast (11/15)
 q - a wand of random effects (28/48)
 L - a wand of iceblast (11/15)
Scrolls
 d - 6 scrolls of teleportation
 k - a scroll of magic mapping
 l - 2 scrolls of fear
 m - a scroll of immolation {unknown}
 w - 2 scrolls of identify
 C - 4 scrolls of remove curse
 E - a scroll of enchant armour {unknown}
 G - a scroll of amnesia
 I - a scroll of vulnerability {unknown}
 N - a scroll of silence {unknown}
Potions
 o - 2 potions of flight
 s - 2 potions of might
 t - 2 potions of brilliance
 u - a potion of curing
 v - 4 potions of agility
 x - a potion of mutation
 F - a potion of lignification {unknown}
Books
 b - a book of Conjurations

   Spells                             Type                      Level
   a - Magic Dart                     Conjuration                  1
   b - Searing Ray                    Conjuration                  2
   c - Dazzling Spray                 Conjuration/Hexes            3
   d - Fulminant Prism                Conjuration/Hexes            4
   e - Force Lance                    Conjuration/Translocation    4
   f - Iskenderun's Mystic Blast      Conjuration                  4
 H - a book of Callings

   Spells                             Type                      Level
   a - Summon Small Mammal            Summoning                    1
   b - Call Imp                       Summoning                    2
   c - Call Canine Familiar           Summoning                    3
   d - Summon Guardian Golem          Hexes/Summoning              3
   e - Summon Lightning Spire         Summoning/Air                4
   f - Summon Ice Beast               Ice/Summoning                4
Comestibles
 c - 9 bread rations
 j - 2 meat rations
 n - 6 fruits
 z - 7 chunks of flesh
 B - 2 royal jellies


   Skills:
 + Level 2.1 Fighting
 + Level 4.4 Dodging
 + Level 5.0 Stealth
 + Level 13.0 Spellcasting
 + Level 11.4 Conjurations
 + Level 1.1 Hexes
 + Level 1.2 Summonings
 + Level 2.5 Translocations


You had 11 spell levels left.
You knew the following spells:

 Your Spells              Type           Power        Failure   Level  Hunger
a - Magic Dart            Conj           ####         1%          1    None
b - Searing Ray           Conj           ######       1%          2    None
c - Force Lance           Conj/Tloc      #####...     2%          4    None
d - Iskenderun's Mystic   Conj           ######..     1%          4    None
e - Dazzling Spray        Conj/Hex       #####.       1%          3    None
f - Fulminant Prism       Conj/Hex       #####.....   2%          4    None
g - Call Imp              Summ           ###.....     3%          2    None
h - Summon Ice Beast      Ice/Summ       ###.....     30%         4    None


Dungeon Overview and Level Annotations

Branches:
Dungeon (8/15)             Temple (1/1) D:7
   Lair: D:8-11

Altars:
Ashenzari
Cheibriados
Dithmenos
Elyvilon
Fedhas
Gozag
Hepliaklqana
Kikubaaqudgha
Makhleb
Nemelex Xobeh
Okawaru
Qazlal
Ru
Sif Muna
Trog
Uskayaw
Vehumet
Xom
Yredelemnul
Zin
The Shining One

Shops:
D:4 ?   D:5 :(


Message History

Casting: Searing Ray
Confirm with . or Enter, or press ? or * to list all spells.
Aiming: Searing Ray
Press: ? - help, Shift-Dir - straight line, f/p - orc warrior
Aim: an orc warrior, wielding a mace and wearing a plate armour (moderately wounded, berserk, fast, unusually strong)
The searing ray misses the giant cockroach.
The searing ray misses the orc warrior. (Press . to maintain the ray.)
The giant cockroach closely misses you.
You hear a shout! x2
The searing ray hits the giant cockroach.
You kill the giant cockroach!
Vehumet accepts your kill. The orc warrior hits you with a mace!!
You hear a howl!
The searing ray hits the orc warrior.
The orc warrior is heavily wounded.
The orc warrior hits you with a mace!!
Ouch! That really hurt!
You die...

# ##...## ##.## ##...##
#..# #....## ##.## ##....##
#..# ##....# ##.## ##...##
#..# ##...## #.##
####...#### #..#
########........@o.##..##
#...>........#####.....[###
.......###### ###......#
.####### #........# ##
#.......... .# ............
.## ............. ).#
.........<....# ...#
.o.###.........


You could see an orc warrior (berserk).

Vanquished Creatures
  2 two-headed ogres (D:8)
  Grinder (D:5)
  Sigmund (D:6)
  A hungry ghost (D:7)
  Grum (D:8)
  A black bear (D:6)
  2 orc warriors
  3 sky beasts
  5 ogres
  A phantom (D:6)
  3 wolves (D:8)
  A big kobold (Sewer)
  A bullfrog (D:7)
  A water moccasin zombie (D:4)
  6 scorpions
  3 howler monkeys
  2 jellies
  A centaur zombie (D:4)
  4 crimson imps
  A bullfrog zombie (D:4)
  A quasit (D:7)
  3 centaur skeletons
  A hound (D:7)
  2 orc priests (D:5)
  2 bullfrog skeletons
  3 iguanas (D:7)
  6 worker ants
  Natasha (thrice) (D:2)
  6 orc wizards
  A hound zombie (D:4)
  A hound skeleton (D:4)
  A mummy (D:6)
  3 worker ant zombies (D:4)
  Robin (D:4)
  7 adders
  6 river rats (Sewer)
  2 oozes
  2 adder skeletons
  2 adder zombies
  A worm (D:2)
  A dart slug (D:3)
  10 leopard geckos
  38 orcs
  7 giant cockroaches
  16 goblins
  10 hobgoblins
  5 jackals
  2 quokkas (D:5)
  6 ball pythons
  A ball python skeleton (D:4)
  6 bats
  6 frilled lizards
  2 hobgoblin zombies (D:6)
  A jackal zombie (D:4)
  19 kobolds
  A kobold zombie (D:6)
  An orc zombie (D:6)
  3 quokka skeletons
  A quokka zombie (D:4)
  22 rats
253 creatures vanquished.

Vanquished Creatures (others)
  3 fulminant prisms
3 creatures vanquished.

Grand Total: 256 creatures vanquished

Notes
Turn   | Place    | Note
-------+----------+-------------------------------------------
     0 | D:1      | Lanoc the Deep Elf Conjurer began the quest for the Orb.
     0 | D:1      | Reached XP level 1. HP: 10/10 MP: 6/6
   277 | D:1      | Reached XP level 2. HP: 15/15 MP: 6/8
   715 | D:2      | Learned a level 2 spell: Searing Ray
   815 | D:2      | Noticed Natasha
   819 | D:2      | Killed Natasha
   819 | D:2      | Reached skill level 5 in Conjurations
   819 | D:2      | Reached XP level 3. HP: 10/19 MP: 5/10
   905 | D:2      | Found an iron altar of Okawaru.
   924 | D:2      | Noticed Natasha
  1041 | D:2      | Killed Natasha
  1041 | D:2      | Reached skill level 4 in Spellcasting
  1041 | D:2      | Reached XP level 4. HP: 17/24 MP: 6/12
  1349 | D:2      | Noticed Natasha
  1353 | D:2      | Killed Natasha
  1616 | D:3      | Reached XP level 5. HP: 28/28 MP: 4/13
  1643 | D:3      | Learned a level 4 spell: Force Lance
  1652 | D:3      | Learned a level 4 spell: Iskenderun's Mystic Blast
  1907 | D:3      | Found a glowing drain.
  1911 | Sewer    | Entered a sewer
  2696 | Sewer    | Reached skill level 5 in Spellcasting
  2868 | Sewer    | Reached XP level 6. HP: 23/32 MP: 10/15
  2873 | Sewer    | Learned a level 3 spell: Dazzling Spray
  3347 | D:3      | Reached skill level 6 in Spellcasting
  4037 | D:4      | Reached XP level 7. HP: 37/37 MP: 10/18
  4159 | D:4      | Found Uhymuss's Magic Scroll Shoppe.
  4165 | D:4      | Bought a scroll of remove curse for 39 gold pieces
  4451 | D:4      | Reached skill level 1 in Fighting
  4552 | D:4      | Learned a level 4 spell: Fulminant Prism
  4571 | D:4      | Reached skill level 7 in Spellcasting
  4852 | D:4      | Noticed Robin
  4950 | D:4      | Killed Robin
  5204 | D:4      | Reached XP level 8. HP: 43/43 MP: 7/21
  5412 | D:5      | Entered Level 5 of the Dungeon
  5469 | D:5      | Found Zont's Book Shop.
  5470 | D:5      | Found Veusuotyext's Antique Weapon Emporium.
  5488 | D:5      | Noticed Grinder
  5495 | D:5      | Killed Grinder
  5495 | D:5      | Reached skill level 8 in Spellcasting
  5632 | D:5      | Reached skill level 1 in Translocations
  5754 | D:5      | Reached skill level 9 in Spellcasting
  6250 | D:6      | Noticed Sigmund
  6253 | D:6      | Killed Sigmund
  6253 | D:6      | Reached XP level 9. HP: 47/47 MP: 24/24
  6294 | D:6      | Reached skill level 10 in Spellcasting
  6812 | D:7      | Reached skill level 10 in Conjurations
  6828 | D:7      | Learned a level 2 spell: Call Imp
  6905 | D:7      | Reached skill level 11 in Spellcasting
  7001 | D:7      | Found a staircase to the Ecumenical Temple.
  7070 | Temple   | Entered the Ecumenical Temple
  7177 | Temple   | Became a worshipper of Vehumet
  7608 | D:7      | Found a sacrificial altar of Ru.
  7661 | D:8      | Reached skill level 12 in Spellcasting
  7710 | D:8      | Noticed Grum
  7718 | D:8      | Reached skill level 1 in Hexes
  7727 | D:8      | Noticed a two-headed ogre
  7856 | D:8      | Learned a level 4 spell: Summon Ice Beast
  7919 | D:8      | Reached XP level 10. HP: 53/53 MP: 16/28
  8102 | D:8      | Reached skill level 5 in Stealth
  8170 | D:8      | Killed a two-headed ogre
  8217 | D:8      | Noticed a two-headed ogre
  8243 | D:8      | Killed a two-headed ogre
  8243 | D:8      | Reached skill level 13 in Spellcasting
  8243 | D:8      | Reached skill level 1 in Summonings
  8385 | D:8      | Killed Grum
  8465 | D:8      | Slain by an orc warrior

Skill      XL: |  1  2  3  4  5  6  7  8  9 10 |
---------------+-------------------------------+-----
Conjurations   | 5 6 7 8 9 11 | 11.4
Spellcasting   | 4 5 6 7 9 12 13 | 13.0
Stealth        | 3 4 5 |  5.0
Dodging        | 3 4 |  4.4
Fighting       | 1 2 |  2.1
Translocations | 2 |  2.5
Hexes          | 1 |  1.1
Summonings     | 1 |  1.2

Action                   |  1- 3 |  4- 6 |  7- 9 | 10-12 || total
-------------------------+-------+-------+-------+-------++-------
Throw: Javelin           |       |       |       |     1 ||     1
 Cast: Magic Dart        |    44 |   102 |   154 |     7 ||   307
       Searing Ray       |     3 |    30 |    77 |     6 ||   116
       Iskenderun's Myst |       |     6 |     1 |       ||     7
       Force Lance       |       |       |     8 |    10 ||    18
       Call Imp          |       |       |     4 |       ||     4
       Fulminant Prism   |       |       |     3 |       ||     3
       Summon Ice Beast  |       |       |       |     1 ||     1
  Use: Scroll            |       |     7 |     6 |       ||    13
       Potion            |       |     7 |     4 |     2 ||    13
  Eat: Chunk             |       |     8 |     5 |     1 ||    14
       Royal jelly       |       |     1 |     2 |       ||     3
       Bread ration      |       |       |     1 |       ||     1
Armor: Robe              |       |     9 |     7 |       ||    16
Dodge: Dodged            |     2 |    46 |    74 |     8 ||   130
